 Dungeon Crawl Stone Soup version 0.31.0-12-g77e489cdc1 (webtiles) character file.

Game seed: 10459648230401525993

18816 octoduck the Bludgeoner (level 12, -2/128 HPs)
             Began as an Oni Warper on Mar 4, 2024.
             Was an Elder of the Shining One.
             Slain by a five-headed hydra (11 damage)
             ... on level 11 of the Dungeon.
             The game lasted 00:44:40 (16865 turns).

octoduck the Bludgeoner (Oni Warper)               Turns: 16865, Time: 00:44:41

Health: -2/128     AC:  4    Str: 20    XL:     12   Next: 62%
Magic:  5/16       EV: 13    Int: 16    God:    the Shining One [****..]
Gold:   189        SH:  0    Dex: 14    Spells: 4/15 levels left

rFire   . . .        z - +4 giant spiked club
rCold   . . .        (shield currently unavailable)
rNeg    + + .        b - +0 robe
rPois   .            (helmet restricted)
rElec   .            e - +0 cloak
rCorr   .            (gloves unavailable)
SInv    +            (boots unavailable)
Will    +....        u - amulet of magic regeneration
Stlth   +            n - ring of see invisible
HPRegen 0.41/turn    I - +6 ring of dexterity
MPRegen 0.55/turn

%: no passive effects
@: glowing
A: large, unfitting armour, horns 1, tough skin 1, double potion healing,
drunken brawling
a: Renounce Religion, Divine Shield, Cleansing Flame


You were on level 11 of the Dungeon.
You worshipped the Shining One.
The Shining One was greatly pleased with you.
You visited 3 branches of the dungeon, and saw 13 of its levels.
You also visited: Bailey.

You collected 480 gold pieces.
You spent 291 gold pieces at shops.

Inventory:

Hand Weapons
 k - the +10 dagger of Cheibriados's Reproof {venom, rC+ Dex+2}
   (You found it on level 2 of the Dungeon)

   Dex+2:     It affects your dexterity (+2).
   rC+:       It protects you from cold.
 q - a +0 great mace
 z - a +4 giant spiked club (weapon)
 D - a +0 morningstar
Missiles
 d - 2 darts of dispersal (quivered)
 f - 67 poisoned darts
 B - 7 curare-tipped darts
 F - 10 large rocks
Armour
 b - a +0 robe (worn)
 e - a +0 cloak (worn)
Jewellery
 n - a ring of see invisible (left hand)
 u - an amulet of magic regeneration (around neck)
 A - an amulet of guardian spirit
 I - a +6 ring of dexterity (right hand)
Wands
 c - a wand of roots (5)
 v - a wand of polymorph (22)
 w - a wand of mindburst (5)
 x - a wand of flame (58)
 H - a wand of charming (16)
Scrolls
 g - 4 scrolls of teleportation
 h - 5 scrolls of immolation
 j - 3 scrolls of amnesia
 p - 2 scrolls of poison
 t - 2 scrolls of vulnerability {unknown}
 y - a scroll of fear {unknown}
 C - a scroll of revelation {unknown}
 E - 2 scrolls of noise {unknown}
Potions
 a - a potion of lignification {unknown}
 i - a potion of curing
 l - 4 potions of mutation
 m - 3 potions of might
 o - 3 potions of haste
 r - 2 potions of attraction {unknown}
 s - 6 potions of heal wounds {unknown}
 G - 2 potions of enlightenment {unknown}
 J - 2 potions of cancellation {unknown}
 K - 3 potions of resistance {unknown}
 L - 2 potions of invisibility {unknown}
 N - a potion of brilliance {unknown}
 O - a potion of magic {unknown}


   Skills:
 + Level 10.7 Fighting
 * Level 15.1 Maces & Flails
 + Level 5.1 Throwing
 + Level 7.5 Dodging
 - Level 2.4 Spellcasting
 - Level 5.0 Translocations
 - Level 6.0 Invocations


You had 4 spell levels left.
You knew the following spells:

 Your Spells              Type           Power      Damage    Failure   Level
a - Blink                 Tloc           34%        N/A       3%          2
b - Lesser Beckoning      Tloc           34%        N/A       3%          2
c - Teleport Other        Tloc           17%        N/A       8%          3
d - Manifold Assault      Tloc           17%        N/A       26%         4

Your spell library contained the following spells:

 Spells                   Type           Power      Damage    Failure   Level
 Momentum Strike          Conj/Tloc      18%        3d8       11%         2
 Volatile Blastmotes      Fire/Tloc      18%        2d11      22%         3
 Dazzling Flash           Conj/Hex       2%         N/A       52%         3
 Frozen Ramparts          Ice            2%         1d1       52%         3
 Hailstorm                Conj/Ice       1%         3d5       52%         3
 Summon Ice Beast         Ice/Summ       1%         N/A       52%         3
 Vhi's Electric Charge    Tloc/Air       18%        N/A       56%         4
 Leda's Liquefaction      Alch/Erth      0%         N/A       89%         4
 Petrify                  Alch/Erth      1%         N/A       89%         4
 Metabolic Englaciation   Hex/Ice        0%         N/A       99%         5
 Sculpt Simulacrum        Ice/Alch       0%         N/A       100%        6
 Starburst                Conj/Fire      0%         6d3       100%        6
 Maxwell's Capacitive Co  Air            0%         ∞         100%        8


Dungeon Overview and Level Annotations

Branches:
Dungeon (11/15)            Temple (1/1) D:4            Lair (1/5) D:11
    Orc (0/2) D:10         Bailey (visited)

Altars:
Ashenzari
Cheibriados
Dithmenos
Elyvilon
Fedhas
Gozag
Hepliaklqana
Kikubaaqudgha
Makhleb
Nemelex Xobeh
Okawaru
Qazlal
Ru
Sif Muna
Trog
Uskayaw
Vehumet
Wu Jian
Xom
Yredelemnul
Zin
The Shining One

Shops:
D:1 [   D:3 [(=?   D:8 :


Innate Abilities, Weirdness & Mutations

You are too large for most types of armour.
You have a pair of small horns on your head.
You have tough skin. (AC +1)
You gain doubled healing and magic from potions.
Whenever you drink a healing potion, you attack all around you.


Message History

Aiming: Teleport Other (mildly dangerous; 8% risk of failure)
Press: ? - help, Shift-Dir - straight line, f/p - five-headed hydra
Aim: a five-headed hydra (moderately wounded, haloed, chance to affect: 23%)
The five-headed hydra resists with almost no effort.
Casting: Teleport Other (mildly dangerous; 8% risk of failure)
Confirm with . or Enter, or press ? or * to list all spells.
Aiming: Teleport Other (mildly dangerous; 8% risk of failure)
Press: ? - help, Shift-Dir - straight line, f/p - five-headed hydra
Aim: a five-headed hydra (moderately wounded, haloed, chance to affect: 23%)
The five-headed hydra resists with almost no effort.
Throw: 5 darts (disperse)
Press: ? - help, Shift-Dir - straight line, f/p - five-headed hydra
Aim: a five-headed hydra (lightly wounded, haloed, 97% to hit)
You throw a dart of dispersal.
The dart of dispersal completely misses the five-headed hydra.
Unknown command.
Throw: 4 darts (disperse)
Press: ? - help, Shift-Dir - straight line, f/p - five-headed hydra
Aim: a five-headed hydra (lightly wounded, haloed, 97% to hit)
You throw a dart of dispersal.
The dart of dispersal hits the five-headed hydra.
The five-headed hydra blinks!
The five-headed hydra is lightly wounded.
The five-headed hydra bites you.
* * * LOW HITPOINT WARNING * * *
The five-headed hydra completely misses you.
The five-headed hydra closely misses you.
The five-headed hydra bites you.
* * * LOW HITPOINT WARNING * * *
The five-headed hydra bites you!
* * * LOW HITPOINT WARNING * * *
Throw: 3 darts (disperse)
Press: ? - help, Shift-Dir - straight line, f/p - five-headed hydra
Aim: a five-headed hydra (lightly wounded, haloed, 97% to hit)
You throw a dart of dispersal.
The dart of dispersal hits the five-headed hydra.
The five-headed hydra blinks!
The five-headed hydra is lightly wounded.
The five-headed hydra bites you!
You die...

##...##
##†#.#...##
#####.##
##.###...##
......#
##.## ##..#
#####.# #.##
##.# #.#
##.## ##..#
#.#
##[###.#.#
#.#
#..#.##.#
#####.#
#[.§###.#
......#
#.@####.#
#####.##
#D###...#
##...## #.#
#.###
###.###.####
#.# #.#
....# #....#
#.# #.#
###.###.##.#
#.###.#
##...###.#
#.....#
##.## #.#
####..# #.#
#.#######..#


You could see a five-headed hydra.

Vanquished Creatures
  2 two-headed ogres (D:11)
  A manticore (D:11)
  Maurice (D:9)
  2 cyclopes
  6 kobold demonologists
  A gargoyle (D:11)
  2 cane toads
  A komodo dragon (Lair:1)
  A troll (D:11)
  Grinder (D:3)
  Prince Ribbit (D:5)
  A hornet (D:9)
  A wyvern (D:9)
  A shadow (D:11)
  9 yaks
  Eustachio (D:5)
  Grum (Lair:1)
  Menkaure (D:6)
  5 water moccasins
  4 black bears
  3 ice beasts
  A sky beast (D:7)
  3 orc warriors
  An ogre (D:6)
  5 centaurs
  2 wolves (Lair:1)
  A phantom (D:7)
  12 kobold brigands
  5 scorpions
  A wyvern zombie (D:6)
  4 bullfrogs
  2 gnoll sergeants
  16 wights
  6 howler monkeys
  3 centaur zombies (D:6)
  2 gnoll boudas
  2 hounds (D:4)
  A jelly (D:4)
  8 orc priests
  An iguana (D:6)
  5 orc wizards
  2 killer bee zombies (D:6)
  A howler monkey zombie (D:6)
  25 gnolls
  3 adders
  2 white imps
  2 adder zombies (D:2)
  2 adder skeletons (D:2)
  A dart slug (D:1)
  2 ribbon worms (D:5)
  52 orcs
  6 ball pythons
  7 bats
  7 endoplasms
  3 giant cockroaches
  3 hobgoblins
  4 jackals (D:1)
  4 quokkas
  A ball python skeleton (D:2)
  A ball python zombie (D:2)
  3 frilled lizards
  A giant cockroach zombie (D:2)
  7 goblins
  A jackal zombie (D:2)
  36 kobolds
  4 rats
307 creatures vanquished.

Notes
Turn   | Place    | Note
-------+----------+-------------------------------------------
     0 | D:1      | octoduck the Oni Warper began the quest for the Orb.
     0 | D:1      | Reached XP level 1. HP: 22/22 MP: 3/3
   110 | D:1      | Reached XP level 2. HP: 29/29 MP: 5/5
   120 | D:1      | Found Uloxudis's Armour Emporium.
   138 | D:1      | Learned a level 2 spell: Blink
   141 | D:1      | Learned a level 2 spell: Lesser Beckoning
   250 | D:1      | Reached skill level 3 in Maces & Flails
   250 | D:1      | Reached XP level 3. HP: 36/36 MP: 6/6
  1186 | D:2      | Identified the +10 dagger of Cheibriados's Reproof {venom,
                  | rC+ Dex+2}
  1203 | D:2      | Reached XP level 4. HP: 44/44 MP: 7/7
  1886 | D:3      | Found Buma's Antique Weapon Emporium.
  1984 | D:3      | Reached skill level 4 in Maces & Flails
  1984 | D:3      | Reached XP level 5. HP: 34/50 MP: 8/8
  2044 | D:3      | Learned a level 3 spell: Teleport Other
  2098 | D:3      | Found Moditoec's Antique Armour Boutique.
  2439 | D:3      | Found a glowing golden altar of the Shining One.
  2552 | D:3      | Became a worshipper of the Shining One
  2610 | D:3      | Found Bomim's Magic Scroll Shoppe.
  2616 | D:3      | Found Rosm's Jewellery Shop.
  2624 | D:3      | Bought a scroll of identify for 22 gold pieces
  2624 | D:3      | Bought a scroll of identify for 22 gold pieces
  2665 | D:3      | Noticed Grinder
  2669 | D:3      | Paralysed by Grinder for 2 turns
  2679 | D:3      | Killed Grinder
  2680 | D:3      | Reached skill level 5 in Maces & Flails
  2680 | D:3      | Reached XP level 6. HP: 25/59 MP: 9/9
  3060 | D:4      | Noticed a black bear
  3432 | D:4      | Reached XP level 7. HP: 61/67 MP: 10/10
  3499 | D:4      | Found an ancient bone altar of Kikubaaqudgha.
  3598 | D:4      | Reached skill level 6 in Maces & Flails
  3737 | D:4      | Found a broken altar of Ashenzari.
  3753 | D:4      | Found a hide-covered altar of Uskayaw.
  3781 | D:4      | Found a staircase to the Ecumenical Temple.
  3806 | D:4      | Identified the +1 ring mail of Magic {rN++ rCorr Slay+5}
  4263 | D:5      | Entered Level 5 of the Dungeon
  4370 | D:5      | Noticed Eustachio
  4379 | D:5      | Killed Eustachio
  4390 | D:5      | HP: 3/70 [poisoned by Eustachio]
  4635 | D:5      | Reached skill level 5 in Translocations
  4635 | D:5      | Reached XP level 8. HP: 76/79 MP: 9/11
  4670 | D:5      | Learned a level 4 spell: Manifold Assault
  4735 | D:5      | Found a stormy altar of Qazlal.
  4763 | D:5      | Reached skill level 7 in Maces & Flails
  4763 | D:5      | Reached skill level 1 in Invocations
  4874 | D:5      | Reached * piety under the Shining One
  5101 | D:5      | Reached skill level 5 in Fighting
  5270 | D:5      | Found a sacrificial altar of Ru.
  5277 | D:5      | Noticed Prince Ribbit
  5286 | D:5      | Killed Prince Ribbit
  5926 | D:6      | Reached skill level 8 in Maces & Flails
  6064 | D:6      | Reached XP level 9. HP: 77/89 MP: 12/12
  6210 | D:6      | Noticed Menkaure
  6225 | D:6      | Killed Menkaure
  6760 | D:6      | Found a basalt altar of Yredelemnul.
  7346 | D:7      | Reached ** piety under the Shining One
  7384 | D:6      | Reached skill level 9 in Maces & Flails
  7616 | D:7      | Reached skill level 5 in Dodging
  7926 | D:7      | Reached skill level 5 in Invocations
  8507 | D:7      | Reached XP level 10. HP: 100/104 MP: 13/13
  8746 | D:7      | Found a glowing silver altar of Zin.
  9016 | D:8      | Found Foatyid's Book Emporium.
  9601 | D:8      | Reached skill level 10 in Maces & Flails
  9980 | D:8      | Identified the +5 dagger of Kiem {flame, Dex+4}
 10177 | D:8      | Noticed a cyclops
 10185 | D:8      | Killed a cyclops
 10675 | D:8      | Noticed a boulder beetle
 10737 | D:9      | Found a flagged portal.
 10776 | Bailey   | Entered a bailey
 10952 | Bailey   | Reached *** piety under the Shining One
 11597 | Bailey   | Reached skill level 14 in Maces & Flails
 11597 | Bailey   | Reached XP level 11. HP: 113/113 MP: 15/15
 12778 | D:9      | Found a sparkling altar of Nemelex Xobeh.
 12918 | D:9      | Noticed Maurice
 12936 | D:9      | Maurice stole an amulet of guardian spirit
 12937 | D:9      | Maurice stole the +10 dagger of Cheibriados's Reproof
                  | {venom, rC+ Dex+2}
 12941 | D:9      | Killed Maurice
 13163 | D:10     | Entered Level 10 of the Dungeon
 13310 | D:10     | Identified the +7 long sword "Gowkes" {drain, rN++ Str+5}
 14161 | D:3      | Bought 3 scrolls of enchant weapon for 247 gold pieces
 14206 | Temple   | Entered the Ecumenical Temple
 14579 | D:10     | Found an iron altar of Okawaru.
 14792 | D:10     | Found a staircase to the Orcish Mines.
 14829 | D:10     | Found a shadowy altar of Dithmenos.
 14833 | D:10     | Found a hazy altar of Hepliaklqana.
 14836 | D:10     | Found an ornate altar of the Wu Jian Council.
 15047 | D:11     | Reached **** piety under the Shining One
 15063 | D:11     | Reached XP level 12. HP: 121/124 MP: 14/16
 15521 | D:11     | Noticed a two-headed ogre
 15666 | D:11     | Found a staircase to the Lair.
 15919 | D:11     | Reached skill level 10 in Fighting
 15925 | D:11     | Killed a two-headed ogre
 15990 | D:11     | Noticed a two-headed ogre
 16000 | D:11     | Killed a two-headed ogre
 16343 | Lair:1   | Entered Level 1 of the Lair of Beasts
 16351 | Lair:1   | Reached skill level 15 in Maces & Flails
 16387 | Lair:1   | Noticed Grum
 16392 | Lair:1   | Killed Grum
 16469 | Lair:1   | Reached skill level 5 in Throwing
 16545 | Lair:1   | Noticed a five-headed hydra
 16865 | D:11     | Slain by a five-headed hydra

Illustrated notes

Levels and vault maps discovered:
D:1:      zelgadis_glass_arrival_small, layout_basic, serial_shops,
          nicolae_shop_hallway_plus, nicolae_titane
D:2:      layout_loops_corners, serial_undead, serial_undead_b, serial_undead_d,
          serial_undead_f, serial_undead_a
D:3:      layout_loops_ring, nicolae_tso_swordbearing_angel, serial_shops,
          nicolae_shop_just_a_little_nook, shop, nicolae_shop_crystal, shop,
          uniq_grinder
D:4:      layout_loops_ring, nicolae_kikubaaqudgha_miasma_corner,
          lemuel_tele_altar, nicolae_uskayaw_murder_on_the_dancefloor,
          minmay_temple_entry_nine_rooms, dreamdust_mushroom_princess
D:5:      layout_cave_pods, nicolae_ru_sacrificial_ziggurat,
          mainiacjoe_overflow_alcove_1, uniq_prince_ribbit1, uniq_eustachio
D:6:      layout_rooms, nicolae_yredelemnul_corpse_copse, uniq_menkaure
D:7:      layout_loops_ring, mainiacjoe_overflow_paths
D:8:      layout_basic, serial_shops, nicolae_shop_tiny_glass
D:9:      layout_basic, mainiacjoe_overflow_cross_hatched, enter_bailey_5,
          minmay_misc_feat_pillars, kennysheep_generic_room_14, uniq_maurice
D:10:     layout_cave_pools, lemuel_doored_altar,
          minmay_overflow_temple_star_quad, hangedman_decor_lopped
D:11:     layout_loops_ring, lair_entry_dummy
Temple:   chequers_temple_sunken
Lair:1:   beast_lair_carwin_large_2, layout_loops_ring, nzn_ghost_randoct,
          gauntlet_entry_generic, st_stairs_5, uniq_maggie, uniq_grum

Skill      XL: |  1  2  3  4  5  6  7  8  9 10 11 12 |
---------------+-------------------------------------+-----
Translocations | 3 4 5 |  5.0
Maces & Flails | 3 4 5 6 8 9 14 15 | 15.1
Fighting       | 3 4 5 7 8 9 10 | 10.7
Dodging        | 3 4 5 6 7 |  7.5
Invocations    | 3 5 6 |  6.0
Throwing       | 3 5 |  5.1
Spellcasting   | |  2.4

Action                     |  1- 3 |  4- 6 |  7- 9 | 10-12 || total
---------------------------+-------+-------+-------+-------++-------
  Melee: Mace              |   101 |       |    16 |       ||   117
         Headbutt          |    11 |     8 |    59 |    77 ||   155
         Dagger            |     2 |    84 |   237 |       ||   323
         Punch             |       |       |     3 |     2 ||     5
         Morningstar       |       |       |    18 |   170 ||   188
         Great mace        |       |       |       |    88 ||    88
         Giant spiked club |       |       |       |   148 ||   148
  Throw: Dart              |       |       |     1 |     5 ||     6
         Large rock        |       |       |       |     2 ||     2
   Cast: Lesser Beckoning  |     1 |       |    45 |    79 ||   125
         Teleport Other    |       |     1 |     5 |     5 ||    11
         Manifold Assault  |       |       |    14 |    42 ||    56
         Blink             |       |       |     1 |     2 ||     3
 Invoke: Divine Shield     |       |       |     1 |       ||     1
         Cleansing Flame   |       |       |       |     1 ||     1
  Evoke: Wand              |       |       |       |     5 ||     5
    Use: Scroll            |     2 |     3 |     3 |     6 ||    14
         Potion            |       |       |       |     4 ||     4
   Stab: Sleeping          |     1 |       |       |       ||     1
 Armour: Robe              |    78 |    43 |   172 |   321 ||   614
  Dodge: Dodged            |    63 |    38 |   130 |   199 ||   430
